 Dungeon Crawl Stone Soup version 0.20-a0-1074-g6a0a8e1 (webtiles) character file.

336 alfred1011 the Skirmisher (level 6, -2/58 HPs)
             Began as a Hill Orc Fighter on Apr 29, 2017.
             Was an Initiate of Makhleb.
             Succumbed to poison (dark miasma)
             ... on level 4 of the Dungeon on May 2, 2017.
             The game lasted 00:15:52 (2882 turns).

alfred1011 the Skirmisher (Hill Orc Fighter)        Turns: 2882, Time: 00:15:53

Health: -2/58      AC:  9    Str: 30    XL:     6   Next: 54%
Magic:  6/6        EV:  7    Int:  8    God:    Makhleb [......]
Gold:   114        SH: 10    Dex: 10    Spells: 5/5 levels left

rFire    . . .     SeeInvis .   a - +0 flail
rCold    . . .     Gourm    .   c - +0 shield
rNeg     . . .     Faith    .   b - +0 scale mail
rPois    .         Spirit   .   (no helmet)
rElec    .         Reflect  .   (no cloak)
rCorr    .         Harm     .   n - +1 pair of gloves
MR       .....                  (no boots)
Stlth    ..........             (no amulet)
Regen    0.2/turn               m - +4 ring of strength
MPRegen  0.1/turn               (no ring)

@: mighty, lethally poisoned (-2 -> -20), slowed, very slow
A: no striking features
a: Renounce Religion


You were on level 4 of the Dungeon.
You worshipped Makhleb.
Makhleb was noncommittal.
You were hungry.

You visited 1 branch of the dungeon, and saw 4 of its levels.

You collected 114 gold pieces.

Inventory:

Hand Weapons
 a - a +0 flail (weapon)
Armour
 b - a +0 scale mail (worn)
 c - a +0 shield (worn)
 n - a +1 pair of gloves (worn)
Jewellery
 m - a +4 ring of strength (left hand)
Scrolls
 g - a scroll of enchant armour {unknown}
 h - a scroll of magic mapping {unknown}
 i - 3 scrolls of remove curse {unknown}
 j - a scroll of recharging {unknown}
 p - a scroll of fear {unknown}
 r - a scroll of enchant weapon {unknown}
 v - a scroll of identify {unknown}
Potions
 l - a potion of berserk rage {unknown}
 t - a potion of mutation {unknown}
 w - a potion of haste {unknown}
Books
 o - Kikubaaqudgha's Disquisition on Evil Secrets
   (Kikubaaqudgha gifted it to you on level 2 of the Dungeon)

   Spells                             Type                      Level
   a - Pain                           Necromancy                   1
   b - Corpse Rot                     Necromancy                   2
   c - Sublimation of Blood           Necromancy                   2
   d - Vampiric Draining              Necromancy                   3
   e - Control Undead                 Necromancy                   4
Comestibles
 f - 2 bread rations
 q - 2 royal jellies
 s - 4 fruits
 u - 2 meat rations


   Skills:
 + Level 6.4 Fighting
 - Level 5.1 Maces & Flails
 + Level 3.5 Armour
 + Level 3.5 Shields


You had 5 spell levels left.
You didn't know any spells.

Dungeon Overview and Level Annotations

Branches:
Dungeon (4/15)
 Temple: D:4-7

Altars:
Ashenzari
Kikubaaqudgha
Makhleb
Nemelex Xobeh
Zin
The Shining One


Message History

The hippogriff skeleton pecks you but does no damage.
You block the hippogriff skeleton's attack.
You bludgeon the hippogriff skeleton!!
The hippogriff skeleton is heavily damaged.
You are engulfed in dark miasma.
You are more poisoned.
You feel yourself slow down.
* * * LOW HITPOINT WARNING * * *
You feel extremely sick. You block the adder skeleton's attack.
You block the hippogriff skeleton's attack.
The hippogriff skeleton pecks you but does no damage.
The hippogriff skeleton claws you.
* * * LOW HITPOINT WARNING * * *
You block the adder skeleton's attack.
It was a potion of curing.
You feel better.
You are engulfed in dark miasma.
You are lethally poisoned!
You feel as though you will be slow longer.
* * * LOW HITPOINT WARNING * * *
You die...

############
.......Z@Z<#
##########.#
........#
########.#
###........#
.....#+##..#
#......####
#...#.....#
#....###.....


You could see an adder skeleton and a hippogriff skeleton.

Vanquished Creatures
  Sigmund (D:2)
  A hound (D:3)
  8 adders
  An ooze (D:3)
  3 worms (D:3)
  2 dart slugs
  A leopard gecko (D:3)
  3 orcs (D:3)
  6 bats
  4 giant cockroaches
  11 goblins
  9 hobgoblins
  3 quokkas (D:3)
  A ball python (D:4)
  A frilled lizard (D:3)
  5 kobolds
  12 rats
72 creatures vanquished.

Notes
Turn   | Place    | Note
-------+----------+-------------------------------------------
     0 | D:1      | alfred1011 the Hill Orc Fighter began the quest for the Orb.
     0 | D:1      | Reached XP level 1. HP: 19/19 MP: 1/1
   293 | D:1      | Reached skill level 4 in Fighting
   293 | D:1      | Reached XP level 2. HP: 27/27 MP: 2/2
   742 | D:2      | Reached XP level 3. HP: 29/34 MP: 3/3
   904 | D:2      | Noticed Sigmund
  1183 | D:2      | Found a faded altar of an unknown god.
  1216 | D:2      | Reached skill level 5 in Fighting
  1216 | D:2      | Reached XP level 4. HP: 28/42 MP: 4/4
  1337 | D:2      | Became a worshipper of Kikubaaqudgha
  1337 | D:2      | Reached * piety under Kikubaaqudgha
  1337 | D:2      | Identified Kikubaaqudgha's Disquisition on Evil Secrets (Kikubaaqudgha gifted it to you on level 2 of the Dungeon)
  1337 | D:2      | Received a gift from Kikubaaqudgha
  1364 | D:2      | Found a glowing golden altar of the Shining One.
  1494 | D:2      | Killed Sigmund
  1494 | D:2      | Reached skill level 6 in Fighting
  1494 | D:2      | Reached XP level 5. HP: 5/50 MP: 5/5
  2036 | D:3      | Reached XP level 6. HP: 50/57 MP: 6/6
  2118 | D:3      | Found a sparkling altar of Nemelex Xobeh.
  2148 | D:3      | Reached skill level 5 in Maces & Flails
  2565 | D:3      | Reached ** piety under Kikubaaqudgha
  2658 | D:3      | Found a burning altar of Makhleb.
  2736 | D:3      | Fell from the grace of Kikubaaqudgha
  2736 | D:3      | Became a worshipper of Makhleb the Destroyer
  2765 | D:3      | Found a glowing silver altar of Zin.
  2839 | D:4      | Found a shattered altar of Ashenzari.
  2882 | D:4      | HP: 1/58 [something (12)]
  2882 | D:4      | Succumbed to poison (dark miasma)

Vault maps used:
D:1:      dpeg_arrival_shelter, moated_statue, minmay_bisected
D:2:      tso_metal_star, chequers_ecumenical_altar_island, first_bread,
          uniq_sigmund
D:3:      makhleb_blood_cavern_becter, nemelex_altar_shiori,
          lemuel_doored_altar, hangedman_feature_mirror
D:4:      evilmike_ruin_ashenzari, minmay_hollow_rounded_squares

Skill      XL: |  1  2  3  4  5  6 |
---------------+-------------------+-----
Fighting       | 4 5 6 |  6.4
Maces & Flails | 3 4 5 |  5.1
Armour         | |  3.5
Shields        | |  3.5

Action                   |  1- 3 |  4- 6 || total
-------------------------+-------+-------++-------
Melee: Flail             |    80 |   175 ||   255
Invok: Receive Corpses   |       |     1 ||     1
  Use: Potion            |       |     3 ||     3
  Eat: Chunk             |     1 |     1 ||     2
       Bread ration      |       |     1 ||     1
Armor: Scale mail        |    36 |    89 ||   125
Dodge: Dodged            |    24 |    54 ||    78
Block: Shield            |    46 |   119 ||   165
